Map: Deathaura LE

Players

turbonic

  • Race: Protoss Protoss
  • League: Diamond
  • Spawn Location: 11:00

BitsPlease - Winner!

  • Race: Zerg Zerg
  • League: Diamond
  • Spawn Location: 5:00

VOD

Have the link to the VOD?

Description

Time

  • Played on: March 22, 2021, 3:16 a.m.
  • Length: 5:01
Show
View Real Time Build Order
Export as new Build Order

turbonic Protoss 

Build Orders: Nexus First 

Get SALT Encoding   

  12  0:02  Probe (Chrono Boost)  
  13  0:12  Probe (Chrono Boost)  
  14  0:19  Pylon  
  14  0:23  Probe  
  15  0:38  Probe  
  16  0:50  Probe  
  17  1:00  Nexus  
  17  1:11  Gateway  
  17  1:14  Probe (Chrono Boost)  
  18  1:19  Assimilator  
  18  1:23  Probe (Chrono Boost)  
  19  1:30  Assimilator  
  19  1:38  Gateway  
  19  1:58  Zealot  
  19  2:00  Cybernetics Core  
  21  2:12  Probe  
  22  2:24  Probe  
  23  2:35  Warp Gate (Chrono Boost)  
  23  2:36  Probe  
  23  2:37  Stalker x2  
  28  2:45  Pylon  
  28  2:48  Probe  
  29  3:04  Robotics Facility  
  29  3:05  Robotics Facility  
  29  3:18  Sentry (Chrono Boost)  
  25  3:31  Stalker (Chrono Boost)  
  20  3:54  Zealot  
  8  4:20  Zealot  
  8  4:30  Zealot  
  6  4:43  Zealot  
Show
View Real Time Build Order
Export as new Build Order

BitsPlease Zerg - Winner!

Build Orders: Pool First 

Get SALT Encoding   

  12  0:00  Drone  
  13  0:08  Drone  
  14  0:18  Extractor  
  13  0:28  Spawning Pool  
  12  0:58  Hatchery  
  11  1:08  Overlord  
  11  1:27  Queen  
  13  1:38  Metabolic Boost  
  13  1:43  Zergling x2  
  14  1:47  Zergling x2  
  14  1:52  Zergling x2  
  16  1:57  Zergling x2  
  17  2:09  Overlord  
  17  2:11  Zergling x2  
  18  2:16  Zergling x2  
  20  2:22  Zergling x2  
  20  2:30  Zergling x2  
  21  2:37  Zergling x4  
  21  2:40  Zergling x2  
  24  2:49  Zergling x4  
  26  2:55  Zergling x2  
  27  3:01  Zergling x2  
  27  3:02  Zergling x2  
  29  3:11  Zergling x2  
  29  3:12  Zergling x2  
  30  3:16  Zergling x2  
  29  3:21  Zergling x2  
  29  3:26  Zergling x2  
  29  3:31  Zergling x2  
  29  3:36  Zergling x2  
  27  3:42  Zergling x2  
  26  3:49  Zergling x4  
  26  3:55  Zergling x2  
  26  3:59  Zergling x2  
  24  4:08  Zergling x4  
  24  4:14  Zergling x2  
  24  4:18  Zergling x2  
  24  4:26  Zergling x2  
  24  4:28  Zergling x2  
  24  4:35  Zergling x2  
  24  4:41  Zergling x4  
Tags
 
Add a new tag
Caveats
  • Supply blocks, unpowered buildings, or Contaminate may cause inaccurate times.
  • Supply counts are checked every 10 seconds.